 Dungeon Crawl Stone Soup version 0.23.2-33-g5129a83184 (webtiles) character file.

Game seed: 1722616365092839103

30 Descartes the Insei (level 3, 0/18 HPs)
             Began as a Vine Stalker Transmuter on July 25, 2019.
             Succumbed to an adder's poison
             ... on level 2 of the Dungeon.
             The game lasted 00:03:01 (1479 turns).

Descartes the Insei (Vine Stalker Transmuter)       Turns: 1479, Time: 00:03:01

Health: 0/18       AC:  4    Str: 13    XL:     3   Next: 18%
Magic:  3/7        EV: 12    Int: 13    God:
Gold:   96         SH:  0    Dex: 14    Spells: 5/6 levels left

rFire    + . .     SeeInvis .     - Unarmed
rCold    . . .     Gourm    .   (no shield)
rNeg     . . .     Faith    .   i - +0 leather armour
rPois    .         Spirit   +   (no helmet)
rElec    .         Reflect  .   (no cloak)
rCorr    .         Harm     .   (no gloves)
MR       .....                  o - +0 pair of boots
Stlth    +.........             (no amulet)
HPRegen  0.06/turn              k - ring of protection from fire
MPRegen  0.10/turn              (no ring)

@: lethally poisoned (0 -> -11), appendage
A: fangs 2, horns 2, magic shield, antimagic bite, no potion heal 3, rot
immunity
a: End Transformation


You were on level 2 of the Dungeon.
You were not hungry.
You had grown temporary horns.
You visited 1 branch of the dungeon, and saw 2 of its levels.

You collected 96 gold pieces.

Inventory:

Hand Weapons
 b - a +0 hunting sling
Missiles
 a - 28 arrows
 f - 12 stones (quivered)
Armour
 i - a +0 leather armour (worn)
 o - a +0 pair of boots (worn)
Jewellery
 k - a ring of protection from fire (left hand)
Scrolls
 c - a scroll of teleportation {unknown}
 g - a scroll of remove curse {unknown}
 h - a scroll of random uselessness {unknown}
 m - a scroll of amnesia {unknown}
 n - 2 scrolls of identify {unknown}
Potions
 e - a potion of lignification {unknown}
 j - a potion of degeneration {unknown}
 l - a potion of haste {unknown}
 p - a potion of agility {unknown}
 q - 2 potions of mutation {unknown}
Comestibles
 d - 2 rations
 r - a chunk of flesh


   Skills:
 + Level 1.2 Fighting
 + Level 1.7 Dodging
 + Level 0.9 Stealth
 * Level 3.3 Unarmed Combat
 + Level 2.4 Spellcasting
 * Level 2.4 Transmutations


You had 5 spell levels left.
You knew the following spells:

 Your Spells              Type           Power        Failure   Level  Hunger
a - Beastly Appendage     Tmut           #.....       12%         1    #......

Your spell library contained the following spells:

 Spells                   Type           Power        Failure   Level  Hunger
 Sticks to Snakes         Tmut           #.......     17%         2    ###....
 Spider Form              Tmut/Pois      #.........   50%         3    ###....
 Ice Form                 Ice/Tmut       #.......     88%         4    #####..
 Blade Hands              Tmut           #.........   97%         5    ######.


Dungeon Overview and Level Annotations

Branches:
Dungeon (2/15)

Altars:

Annotations:
D:2 Robin


Innate Abilities, Weirdness & Mutations

You have extremely sharp teeth.
When hurt, damage is shared between your health and your magic reserves.
Your bite disrupts and absorbs the magic of your enemies.
Potions cannot restore your health.
You are immune to rotting.
You have a pair of horns on your head.


Message History

The adder is heavily wounded.
You feel sick. The goblin hits you but does no damage. The adder bites you.
You are more poisoned.
The adder poisons you!
* * * LOW HITPOINT WARNING * * *
You feel sick. The goblin closely misses you.
* * * LOW HITPOINT WARNING * * *
You feel sick. The goblin hits you but does no damage.
The adder bites you but does no damage.
* * * LOW HITPOINT WARNING * * *
You feel sick.
Your horns disappear.
* * * LOW HITPOINT WARNING * * *
You feel sick.
* * * LOW HITPOINT WARNING * * *
You feel sick.
Casting: Beastly Appendage (safe; 12% risk of failure)
Confirm with . or Enter, or press ? or * to list all spells.
You grow a pair of large bovine horns.
You die...

#..# #.##.
###..#..# #..#
#.##.
#g..wb..# ...#
#.##. #g#
###.#
#.##.##.####.#
#.#
#.##...g.....#
#.#
#.#####.######
#.# #S#
#.#####g#
#...รท.@.#
#########


You could see an adder, 2 hobgoblins and 2 goblins.

Vanquished Creatures
  A worm (D:2)
  A dart slug (D:1)
  A giant cockroach (D:1)
  6 hobgoblins
  3 kobolds (D:1)
  4 bats
  6 frilled lizards (D:1)
  4 rats
26 creatures vanquished.

Notes
Turn   | Place    | Note
-------+----------+-------------------------------------------
     0 | D:1      | Descartes the Vine Stalker Transmuter began the quest for
                  | the Orb.
     0 | D:1      | Reached XP level 1. HP: 9/9 MP: 4/4
   308 | D:1      | Reached skill level 1 in Fighting
   438 | D:1      | Reached XP level 2. HP: 7/14 MP: 4/6
  1445 | D:2      | Reached XP level 3. HP: 18/18 MP: 5/7
  1467 | D:2      | Noticed Robin
  1479 | D:2      | Succumbed to an adder's poison

Skill      XL: |  1 |
---------------+----+-----
Fighting       | 1 |  1.2
Dodging        | |  1.7
Stealth        | |  0.9
Unarmed Combat | |  3.3
Spellcasting   | |  2.4
Transmutations | |  2.4

Action                   || total
-------------------------++-------
Melee: Unarmed           ||    53
       Bite              ||    10
       Kick              ||     5
       Punch             ||     1
       Headbutt          ||     2
 Fire: Hunting sling     ||    23
 Cast: Beastly Appendage ||     9
 Stab: Sleeping          ||     1
  Eat: Chunk             ||     2
Armor: Robe              ||     6
       Leather armour    ||     7
Dodge: Dodged            ||    28
